 Dungeon Sprint DCSS version 0.21-a0-414-gba8bdf1 (webtiles) character file.

414103 Kidiri the Slayer (level 19, -4/267 HPs)
             Began as a Grey Draconian Transmuter on Nov 2, 2017.
             Was the Champion of Wu Jian.
             Killed from afar by an acid blob (7 damage)
             ... with a splash of acid
             ... created by the Royal Jelly
             ... in the Dungeon (Sprint III: "The Ten Rune Challenge").
             The game lasted 01:53:09 (16418 turns).

Kidiri the Slayer (Grey Draconian Transmuter)      Turns: 16418, Time: 01:53:10

Health: -4/267     AC: 16    Str: 20    XL:     19   Next: 72%
Magic:  36/36      EV: 24    Int: 18    God:    Wu Jian [******]
Gold:   3059       SH: 32    Dex: 15    Spells: 9/53 levels left

rFire    . . .     SeeInvis .     - Unarmed
rCold    . . .     Gourm    .   o - +7 large shield {reflect}
rNeg     + . .     Faith    .   (armour unavailable)
rPois    ∞         Spirit   .   D - +0 hat of Huheof {MR- Str+5}
rElec    +         Reflect  +   L - scarf of Makhleb's Esteem {+Fly rElec Regen+}
rCorr    +         Harm     .   (gloves currently unavailable)
MR       .....     NoTele   +   (boots currently unavailable)
Stlth    +++.......             N - +3 amulet of reflection
HPRegen  0.94/turn              n - +3 ring of protection
MPRegen  0.25/turn              k - ring of resist corrosion

@: statue-form, corroded, glowing, heavenly storm, very slow
A: (walk through water), unfitting armour, clever 1, deterioration 1, low mp 1,
mutation resistance 1, unbreathing, cold-blooded, AC +15
}: 8/10 runes: decaying, barnacled, silver, golden, iron, obsidian, icy, bone
a: End Transformation, Serpent's Lash, Heavenly Storm, Renounce Religion, Evoke
Flight


You were in the Dungeon.
You worshipped Wu Jian.
Wu Jian was exalted by your worship.
You were not hungry.
You were a stone statue.
You visited 1 branch You collected 4698 gold pieces.
You spent 1639 gold pieces at shops.

Inventory:

Missiles
 e - 6 javelins (quivered)
Armour
 o - a +7 large shield of reflection (worn)
 D - the +0 hat of Huheof (worn) {MR- Str+5}
   (You acquired it in the Dungeon)

   It affects your strength (+5).
   It affects your resistance to hostile enchantments.
 E - the +2 pair of boots of the Assassin (melded) {Detection Stab+ Stlth++}
   (You found it in the Dungeon)

   It makes you much more stealthy.
 L - the scarf of Makhleb's Esteem (worn) {+Fly rElec Regen+}
   (You found it in the Dungeon)

   It insulates you from electricity.
   It lets you fly.
   It increases your rate of regeneration.
 T - a +2 pair of gloves (melded)
Jewellery
 k - a ring of resist corrosion (right hand)
 n - a +3 ring of protection (left hand)
 M - a +4 ring of intelligence
 N - a +3 amulet of reflection (around neck)
Wands
 b - a wand of iceblast (3/15)
 c - a wand of iceblast (10/15)
 z - a wand of confusion (13/48)
 W - a wand of disintegration (0/24)
Scrolls
 i - 3 scrolls of blinking
 m - 5 scrolls of identify
 w - 3 scrolls of immolation
 A - 5 scrolls of remove curse
 B - 5 scrolls of silence
 C - a scroll of summoning
 I - 2 scrolls of torment
 P - 4 scrolls of amnesia
 R - 2 scrolls of fog
Potions
 a - 4 potions of haste
 d - 5 potions of curing
 f - 2 potions of resistance
 g - 2 potions of magic
 h - a potion of berserk rage
 j - 5 potions of heal wounds
 q - 4 potions of mutation
 r - 2 potions of ambrosia
 u - 6 potions of flight
 J - 3 potions of agility
Books
 G - a book of the Earth

   Spells                             Type                      Level
   a - Leda's Liquefaction            Hexes/Earth                  4
   b - Bolt of Magma                  Conjuration/Fire/Earth       5
   c - Statue Form                    Transmutation/Earth          6
   d - Iron Shot                      Conjuration/Earth            6
   e - Shatter                        Earth                        9
Comestibles
 t - 15 royal jellies


   Skills:
 * Level 26.9 Fighting
 + Level 17.8 Dodging
 + Level 19.0 Stealth
 + Level 19.8 Shields
 * Level 25.3 Unarmed Combat
 + Level 17.8 Spellcasting
 + Level 17.3 Conjurations
 * Level 25.1 Transmutations
 + Level 18.8 Ice Magic
 + Level 20.9 Earth Magic
 + Level 18.9 Poison Magic
 + Level 18.2 Evocations


You had 9 spell levels left.
You knew the following spells:

 Your Spells              Type           Power        Failure   Level  Hunger
a - Beastly Appendage     Tmut           ######       0%          1    None
b - Sticks to Snakes      Tmut           #######.     0%          2    None
c - Passwall              Tmut/Erth      #######...   0%          2    None
d - Spider Form           Tmut/Pois      #######...   0%          3    None
e - Ice Form              Ice/Tmut       #######.     0%          4    None
f - Petrify               Tmut/Erth      #######.     0%          4    None
g - Blade Hands           Tmut           #######...   0%          5    ###....
h - Alistair's Intoxicat  Tmut/Pois      #######.     1%          5    ###....
i - Statue Form           Tmut/Erth      #######..    1%          6    #####..
j - Lee's Rapid Deconstr  Erth           #######...   1%          5    ###....
k - Iron Shot             Conj/Erth      ######....   1%          6    #####..
l - Confusing Touch       Hex            ###...       7%          1    None


Dungeon Overview and Level Annotations

Branches:
Dungeon (1/1)

Altars:
Cheibriados
Dithmenos
Elyvilon
Fedhas
Gozag
Hepliaklqana
Kikubaaqudgha
Makhleb
Nemelex Xobeh
Okawaru
Qazlal
Ru
Sif Muna
Trog
Uskayaw
Vehumet
Wu Jian
Xom
Yredelemnul
Zin
The Shining One
Beogh
Jiyva
Lugonu

Shops:
D ?(}%?:(}%[}[}!:=[%%(=(?=

Annotations:
D Royal Jelly


Innate Abilities, Weirdness & Mutations

((You can walk through water.))
((Your dull iron-grey scales are very hard. (AC +15)))
You cannot fit into any form of body armour.
You can survive without breathing.
You are cold-blooded and may be slowed by cold attacks.
Your mind is acute. (Int +2)
Your body sometimes deteriorates upon taking damage.
Your magical capacity is low. (-10% MP)
You are somewhat resistant to further mutation.


Message History

* * * LOW HITPOINT WARNING * * *
You are splashed with acid!
The acid burns!
You resist.
* * * LOW HITPOINT WARNING * * *
You block the acid blob's attack. x2; The acid blob hits you.
* * * LOW HITPOINT WARNING * * *
You are splashed with acid!
The acid burns!
You resist.
* * * LOW HITPOINT WARNING * * *
You block the acid blob's attack. The acid blob hits you!
* * * LOW HITPOINT WARNING * * *
You are splashed with acid!
The acid burns!
You resist.
* * * LOW HITPOINT WARNING * * *
The acid blob misses you. The acid blob completely misses you.
You block the acid blob's attack. The acid blob spits acid at you.
Your +7 large shield of reflection reflects the splash of acid!
The splash of acid hits the acid blob.
The acid blob completely resists.
The acid blob closely misses you. The acid blob spits acid at you.
The splash of acid hits you! You resist.
You die...

▓...#≈≈≈...........♣
♣♣.##
▓...#≈≈≈≈..........♣
♣....
#'#############+####
##### ##.###### #.♣♣
##.#...### #♣.♣
##....§§J## ♣.♣♣
###### ##.....JJJJ##
♣♣≈♣ #§§§§#
#....###JJJJ# ♣.♣♣
#§§§§# #...##)##8JJ#
♣≈♣♣ #§§§§#
##..#)φ%#JJ##
♣..♣♣#§§§##
#...##$##JJJ#
♣♣.♣♣≈####♣
#....###.J..#
♣♣.♣♣..≈.≈
##.........##
♣♣..♣♣♣♣♣♣.
##.......##
♣..≈≈.§§..≈
###._.###
♣......§§.. ####
♣.♣.≈≈§§...
♣♣♣♣♣♣♣♣∩∩∩


You could see the Royal Jelly, 9 acid blobs, 4 azure jellies and a death ooze.

Vanquished Creatures
  Antaeus (D)
  Gloorx Vloq (D)
  the Serpent of Hell (D)
  An ancient lich (D)
  Dispater (D)
  Khufu (D)
  Mennas (D)
  Mara (D)
  7 greater mummies (D)
  Boris (D)
  the Lernaean hydra (D)
  Frederick (D)
  A Killer Klown (D)
  Geryon (D)
  Nikola (D)
  4 bone dragons (D)
  An electric golem (D)
  An iron giant (D)
  A Brimstone Fiend (D)
  3 Hell Sentinels (D)
  5 Ice Fiends (D)
  2 Orb Guardians (D)
  A lich (D)
  Rupert (D)
  A titan (D)
  2 quicksilver dragons (D)
  4 deep elf blademasters (D)
  3 acid blobs (D)
  A kraken (D)
  2 sphinxes (D)
  Gastronok (D)
  An Executioner (D)
  An ancient champion (D)
  3 shadow dragons (D)
  Chuck (D)
  A storm dragon (D)
  Roxanne (D)
  Dowan (D)
  6 azure jellies (D)
  A frost giant (D)
  3 fire giants (D)
  3 ghost moths (D)
  An iron dragon (D)
  2 draconian stormcallers (D)
  4 war gargoyles (D)
  4 stone giants (D)
  4 vampire knights (D)
  A deep elf demonologist (D)
  Nessos (D)
  Azrael (D)
  A yellow draconian (D)
  2 deep elf annihilators (D)
  2 dire elephants (D)
  A deep elf death mage (D)
  A death ooze (D)
  7 mummy priests (D)
  A fire dragon (D)
  3 yaktaur captains (D)
  A deep elf high priest (D)
  A hydra (D)
  18 vault guards (D)
  2 hell beasts (D)
  3 centaur warriors (D)
  Erica (D)
  4 dancing weapons (D)
  2 iron elementals (D)
  5 orc high priests (D)
  4 death yaks (D)
  An ogre mage (D)
  Urug (D)
  2 soul eaters (D)
  3 deep elf knights (D)
  An iron golem (D)
  2 sun demons (D)
  A shadow wraith (D)
  A death drake (D)
  An unseen horror (D)
  A glowing orange brain (D)
  A golden dragon zombie (D)
  5 skeletal warriors (D)
  2 anaconda zombies (D)
  2 spectral iron dragons (D)
  A spriggan druid (D)
  2 swamp dragons (D)
  A lindwurm (D)
  3 kraken simulacra (D)
  6 deep elf magi (D)
  An obsidian statue (D)
  2 orange crystal statues (D)
  4 crystal guardians (D)
  3 orc knights (D)
  3 shining eyes (D)
  2 oklob plants (D)
  2 elephants (D)
  4 ugly things (D)
  A moth of wrath (D)
  A faun (shapeshifter) (D)
  A stone giant skeleton (D)
  3 rust devils (D)
  2 black mambas (D)
  An iron troll simulacrum (D)
  6 statues (D)
  2 spiny frogs (D)
  A molten gargoyle (D)
  Duvessa (D)
  9 yaktaurs (D)
  A yaktaur (shapeshifter) (D)
  A rime drake (D)
  A komodo dragon (D)
  An anaconda simulacrum (D)
  2 ice devils (D)
  3 wandering mushrooms (D)
  27 guardian mummies (D)
  A queen bee (D)
  2 tyrant leeches (D)
  4 spriggan defenders (D)
  3 hornets (D)
  8 blink frogs (D)
  7 slime creatures (D)
  6 snapping turtles (D)
  3 redbacks (D)
  11 shadows (D)
  2 spriggans (D)
  A redback (shapeshifter) (D)
  A golden eye (D)
  A hydra simulacrum (D)
  A spatial vortex (D)
  6 floating eyes (D)
  3 swamp drakes (D)
  2 orc warriors (D)
  A necrophage (D)
  2 centaurs (D)
  An earth elemental (D)
  A water elemental (D)
  32 killer bees (D)
  4 electric eels (D)
  11 quasits (D)
  A jelly (D)
  2 orc priests (D)
  A wizard (D)
  Crazy Yiuf (D)
  2 orc wizards (D)
  Jessica (D)
  4 necromancers (D)
  A polar bear simulacrum (D)
  2 wolf simulacra (D)
  3 humans (D)
  A kobold demonologist (D)
  2 oozes (D)
  An adder zombie (D)
  8 orcs (D)
  A bat zombie (D)
  A bat simulacrum (D)
  A giant cockroach simulacrum (D)
  2 rats (D)
  9 ballistomycetes (D)
  A ballistomycete spore (D)
  8 bushes (D)
  9 butterflies (D)
  4 crawling corpses (D)
  50 plants (D)
  3 tentacles (D)
508 creatures vanquished.

Vanquished Creatures (others)
  2 draconian scorchers (D)
  A yaktaur captain (D)
  2 hydras (D)
  2 statues (D)
  6 hellions (D)
  4 yaktaurs (D)
  An electric eel (D)
  2 ball lightnings (D)
  6 ballistomycete spores (D)
  A fungus (D)
  11 plants (D)
  20 tentacles (D)
58 creatures vanquished.

Grand Total: 566 creatures vanquished

Notes
Turn   | Place    | Note
-------+----------+-------------------------------------------
     0 | D        | Kidiri the Draconian Transmuter began the quest for the Orb.
     0 | D        | Reached XP level 1. HP: 16/16 MP: 3/3
    10 | D        | Reached skill level 2 in Fighting
    91 | D        | Reached skill level 1 in Stealth
    91 | D        | Reached XP level 2. HP: 24/25 MP: 3/5
   104 | D        | Killed a hellion
   112 | D        | Learned a level 2 spell: Sticks to Snakes
   113 | D        | Killed a hellion
   114 | D        | Killed a hellion
   124 | D        | Noticed Jessica
   140 | D        | Killed Jessica
   140 | D        | Reached skill level 3 in Fighting
   140 | D        | Reached XP level 3. HP: 23/31 MP: 7/7
   151 | D        | Learned a level 3 spell: Spider Form
   153 | D        | Killed a white draconian scorcher
   154 | D        | Killed a hellion
   160 | D        | Killed a yaktaur
   167 | D        | Killed a hellion
   205 | D        | Killed a hellion
   280 | D        | Killed a white draconian scorcher
   552 | D        | Noticed Crazy Yiuf
   558 | D        | Killed Crazy Yiuf
   558 | D        | Reached skill level 4 in Fighting
   558 | D        | Reached skill level 1 in Poison Magic
   558 | D        | Reached XP level 4. HP: 35/40 MP: 1/8
   584 | D        | Gained mutation: Your magical capacity is low. (-10% MP) [potion of mutation]
   584 | D        | Gained mutation: Your mind is acute. (Int +2) [potion of mutation]
   584 | D        | Gained mutation: You are somewhat resistant to further mutation. [potion of mutation]
   621 | D        | Noticed a water elemental
   632 | D        | Killed a water elemental
   632 | D        | Reached skill level 5 in Fighting
   632 | D        | Reached skill level 5 in Unarmed Combat
   632 | D        | Reached XP level 5. HP: 37/48 MP: 1/9
   640 | D        | Learned a level 4 spell: Ice Form
   707 | D        | Found an ornate altar of the Wu Jian Council.
   707 | D        | Found a roughly hewn altar of Beogh.
   707 | D        | Found an iron altar of Okawaru.
   707 | D        | Found a bloodstained altar of Trog.
   707 | D        | Found a hide-covered altar of Uskayaw.
   707 | D        | Noticed a human
   707 | D        | Noticed a human
   714 | D        | Killed a human
   714 | D        | Reached skill level 6 in Fighting
   714 | D        | Reached skill level 5 in Transmutations
   714 | D        | Reached skill level 1 in Ice Magic
   714 | D        | Reached XP level 6. HP: 50/57 MP: 7/10
   718 | D        | Killed a human
   730 | D        | Became a worshipper of the Wu Jian Council
   792 | D        | Found a radiant altar of Vehumet.
   793 | D        | Found a deep blue altar of Sif Muna.
   793 | D        | Found an ancient bone altar of Kikubaaqudgha.
   797 | D        | Reached skill level 7 in Fighting
   839 | D        | Found a glowing silver altar of Zin.
   840 | D        | Found a glowing golden altar of the Shining One.
   840 | D        | Found a white marble altar of Elyvilon.
   840 | D        | Noticed a deep elf mage
   845 | D        | Noticed a fire elemental
   845 | D        | Noticed a fire elemental
   849 | D        | Killed a deep elf mage
   849 | D        | Reached * piety under Wu Jian
   849 | D        | Reached skill level 8 in Fighting
   849 | D        | Reached skill level 5 in Dodging
   849 | D        | Reached skill level 5 in Stealth
   849 | D        | Reached skill level 5 in Spellcasting
   849 | D        | Your scales start taking on a dull iron-grey colour.
   849 | D        | Reached XP level 7. HP: 23/68 MP: 9/13
   849 | D        | Gained mutation: You can survive without breathing. [Grey Draconian growth]
  1066 | D        | Learned a level 5 spell: Blade Hands
  1073 | D        | Found a basalt altar of Yredelemnul.
  1073 | D        | Found a shadowy altar of Dithmenos.
  1073 | D        | Found a sacrificial altar of Ru.
  1080 | D        | Reached XP level 8. HP: 75/75 MP: 9/14
  1120 | D        | Reached ** piety under Wu Jian
  1120 | D        | Reached skill level 5 in Poison Magic
  1133 | D        | Found a blossoming altar of Fedhas.
  1133 | D        | Found a stormy altar of Qazlal.
  1133 | D        | Found a snail-covered altar of Cheibriados.
  1133 | D        | Found a burning altar of Makhleb.
  1133 | D        | Found a shimmering altar of Xom.
  1135 | D        | Found a hazy altar of Hepliaklqana.
  1135 | D        | Found an opulent altar of Gozag.
  1135 | D        | Found a sparkling altar of Nemelex Xobeh.
  1135 | D        | Found a corrupted altar of Lugonu.
  1135 | D        | Found a viscous altar of Jiyva.
  1251 | D        | Noticed Erica
  1269 | D        | Killed Erica
  1269 | D        | Reached skill level 9 in Fighting
  1269 | D        | Reached skill level 5 in Ice Magic
  1519 | D        | Reached *** piety under Wu Jian
  1519 | D        | Reached XP level 9. HP: 50/85 MP: 12/16
  1669 | D        | Noticed a centaur warrior
  1675 | D        | Killed a centaur warrior
  1675 | D        | Reached skill level 10 in Fighting
  1675 | D        | Reached skill level 10 in Unarmed Combat
  1772 | D        | Learned a level 6 spell: Statue Form
  1799 | D        | Killed a yaktaur
  2191 | D        | Killed an unseen horror
  2191 | D        | Reached **** piety under Wu Jian
  2191 | D        | Reached skill level 10 in Transmutations
  2191 | D        | Reached skill level 1 in Earth Magic
  2472 | D        | Noticed a queen bee
  2484 | D        | Killed a queen bee
  2492 | D        | Reached ***** piety under Wu Jian
  2497 | D        | Reached skill level 11 in Fighting
  2500 | D        | Reached XP level 10. HP: 55/95 MP: 16/18
  2857 | D        | Reached ****** piety under Wu Jian
  3208 | D        | Killed a five-headed hydra
  3273 | D        | Killed a seven-headed hydra
  3276 | D        | Noticed a spiny frog
  3276 | D        | Noticed a spiny frog
  3281 | D        | Killed a spiny frog
  3283 | D        | Killed a spiny frog
  3378 | D        | Reached skill level 12 in Fighting
  3386 | D        | Reached skill level 5 in Earth Magic
  3614 | D        | Noticed a lindwurm
  3621 | D        | Killed a lindwurm
  3623 | D        | Reached XP level 11. HP: 58/104 MP: 15/20
  3798 | D        | Noticed Urug
  3803 | D        | Killed Urug
  3955 | D        | Noticed Rupert
  3958 | D        | Killed Rupert
  3958 | D        | Reached skill level 13 in Fighting
  3968 | D        | Noticed an azure jelly
  3968 | D        | Noticed an azure jelly
  3968 | D        | Noticed an azure jelly
  3968 | D        | Noticed an azure jelly
  4004 | D        | Noticed a death yak
  4006 | D        | Noticed a death yak
  4008 | D        | Noticed a death yak
  4010 | D        | Noticed a death yak
  4011 | D        | Killed a death yak
  4014 | D        | Killed a death yak
  4017 | D        | Killed a death yak
  4020 | D        | Killed a death yak
  4285 | D        | Learned a level 6 spell: Iron Shot
  4483 | D        | Reached XP level 12. HP: 116/116 MP: 16/22
  4489 | D        | Found Uxeuma's Magic Scroll Shoppe.
  4489 | D        | Found Qoma's Antique Weapon Boutique.
  4492 | D        | Reached skill level 1 in Conjurations
  4493 | D        | Found Temnunox's Gadget Emporium.
  4608 | D        | Noticed a dire elephant
  4608 | D        | Noticed a dire elephant
  4608 | D        | Noticed Gastronok
  4618 | D        | Killed a dire elephant
  4618 | D        | Reached skill level 14 in Fighting
  4619 | D        | Killed Gastronok
  4625 | D        | Killed a dire elephant
  4860 | D        | Reached skill level 10 in Stealth
  4866 | D        | Found a blossoming altar of Fedhas.
  5298 | D        | Noticed a kraken
  5793 | D        | Killed a kraken
  5905 | D        | Found Ybiann's Magic Scroll Emporium.
  5905 | D        | Found Cohu's Book Shop.
  5905 | D        | Found Deotu's Antique Weapon Boutique.
  5917 | D        | Reached skill level 15 in Fighting
  5917 | D        | Reached skill level 10 in Poison Magic
  5941 | D        | Got a barnacled rune of Zot
  6170 | D        | Found Axtucwir's Food Shop.
  6170 | D        | Found a roughly hewn altar of Beogh.
  6182 | D        | Noticed an orc high priest
  6207 | D        | Killed an orc high priest
  6207 | D        | Reached skill level 10 in Ice Magic
  6424 | D        | Reached skill level 10 in Spellcasting
  6424 | D        | Reached XP level 13. HP: 117/127 MP: 20/24
  6459 | D        | Noticed a deep elf annihilator
  6473 | D        | Learned a level 5 spell: Alistair's Intoxication
  6558 | D        | Noticed a deep elf death mage
  6559 | D        | Noticed a deep elf demonologist
  6560 | D        | Noticed a deep elf blademaster
  6561 | D        | Killed a deep elf demonologist
  6561 | D        | Reached skill level 10 in Dodging
  6561 | D        | Reached skill level 5 in Conjurations
  6563 | D        | Noticed a deep elf annihilator
  6567 | D        | Killed a deep elf annihilator
  6567 | D        | Killed a deep elf blademaster
  6567 | D        | Reached skill level 10 in Earth Magic
  6567 | D        | Killed a ghostly deep elf annihilator
  6567 | D        | Reached skill level 15 in Unarmed Combat
  6569 | D        | Killed a deep elf annihilator
  6857 | D        | Killed a deep elf death mage
  6857 | D        | Reached skill level 16 in Fighting
  6859 | D        | Got a faintly glowing lajatang {slice}
  6861 | D        | Reached skill level 15 in Transmutations
  6895 | D        | Got a shimmering tin amulet
  6899 | D        | Identified the Grimoire of the Traveller and the Blaze
  6904 | D        | Got an ichor-stained rapier
  6909 | D        | Got a scorched rapier
  6963 | D        | Identified the amulet of Gaintuted {Harm *Drain MP-9 Int+3} (You found it in the Dungeon)
  7252 | D        | Killed an azure jelly
  7252 | D        | Reached skill level 1 in Evocations
  7257 | D        | Killed an azure jelly
  7261 | D        | Killed an azure jelly
  7265 | D        | Killed an azure jelly
  7324 | D        | Noticed the 27-headed Lernaean hydra
  7326 | D        | Killed the 27-headed Lernaean hydra
  7326 | D        | Reached skill level 5 in Evocations
  7332 | D        | Got a decaying rune of Zot
  7352 | D        | Bought a scroll of blinking for 90 gold pieces
  7352 | D        | Bought a scroll of identify for 24 gold pieces
  7352 | D        | Bought a scroll of identify for 24 gold pieces
  7352 | D        | Bought a scroll of blinking for 90 gold pieces
  7494 | D        | Bought a scroll of summoning for 114 gold pieces
  7494 | D        | Bought a scroll of fog for 24 gold pieces
  7494 | D        | Bought a scroll of identify for 24 gold pieces
  7666 | D        | Noticed Dowan
  7666 | D        | Noticed Duvessa
  7674 | D        | Killed Dowan
  7674 | D        | Reached XP level 14. HP: 138/138 MP: 21/26
  7678 | D        | Killed Duvessa
  7737 | D        | Reached skill level 17 in Fighting
  8065 | D        | Found Daikorch's Food Emporium.
  8065 | D        | Found Wetzahoff's Antique Weapon Shop.
  8065 | D        | Found Weneniy's Jewellery Boutique.
  8065 | D        | Found Obokleor's Jewellery Shoppe.
  8065 | D        | Found Puobok's Antique Armour Boutique.
  8065 | D        | Found Suvoebl Ogeo's Food Emporium.
  8065 | D        | Found Yduf Ifo's Book Shoppe.
  8065 | D        | Found Ukonteh's Magic Scroll Shop.
  8065 | D        | Found Odoqieb's Distillery.
  8065 | D        | Found Fihotole's Antique Weapon Emporium.
  8065 | D        | Found Tiusevun's Gadget Emporium.
  8065 | D        | Found Ameexajo's Jewellery Boutique.
  8085 | D        | Bought a potion of heal wounds for 50 gold pieces
  8085 | D        | Bought a potion of brilliance for 40 gold pieces
  8085 | D        | Bought a potion of heal wounds for 50 gold pieces
  8085 | D        | Bought a potion of heal wounds for 50 gold pieces
  8085 | D        | Bought a potion of curing for 30 gold pieces
  8085 | D        | Bought a potion of agility for 40 gold pieces
  8093 | D        | Bought a scroll of fear for 45 gold pieces
  8093 | D        | Bought 2 scrolls of amnesia for 91 gold pieces
  8355 | D        | Got a steaming triple sword
  8598 | D        | Noticed Chuck
  8614 | D        | Killed Chuck
  8619 | D        | Got a slimy dire flail
  8688 | D        | Noticed Frederick
  8690 | D        | Killed Frederick
  8759 | D        | Noticed a lich
  8765 | D        | Killed a lich
  8765 | D        | Reached skill level 1 in Shields
  8781 | D        | Reached skill level 18 in Fighting
  8782 | D        | Noticed a shadow dragon
  8782 | D        | Noticed a shadow dragon
  8786 | D        | Killed a shadow dragon
  8793 | D        | Killed a shadow dragon
  8919 | D        | Noticed a quicksilver dragon
  8926 | D        | Noticed a stone giant
  8927 | D        | Noticed a fire giant
  8927 | D        | Noticed a stone giant
  8927 | D        | Noticed a titan
  8927 | D        | Noticed a shadow dragon
  8929 | D        | Killed a quicksilver dragon
  8929 | D        | Noticed a fire giant
  8929 | D        | Noticed a quicksilver dragon
  8933 | D        | Reached XP level 15. HP: 150/150 MP: 27/27
  8935 | D        | Reached skill level 5 in Shields
  8935 | D        | Reached skill level 10 in Evocations
  8943 | D        | Killed a shadow dragon
  8947 | D        | Killed a titan
  8953 | D        | Killed a fire giant
  8954 | D        | Reached skill level 19 in Fighting
  8954 | D        | Killed a quicksilver dragon
  8958 | D        | Killed a fire giant
  8958 | D        | Reached skill level 10 in Conjurations
  9092 | D        | Learned a level 4 spell: Petrify
  9327 | D        | Got a bloodstained robe
  9440 | D        | Got a silver rune of Zot
  9739 | D        | Learned a level 2 spell: Passwall
 10011 | D        | Noticed a bone dragon
 10029 | D        | Killed a bone dragon
 10167 | D        | Noticed a bone dragon
 10170 | D        | Killed a bone dragon
 10277 | D        | Noticed a bone dragon
 10278 | D        | Killed a bone dragon
 10289 | D        | Noticed a bone dragon
 10297 | D        | Killed a bone dragon
 10341 | D        | Noticed a sphinx
 10341 | D        | Noticed a sphinx
 10344 | D        | Reached skill level 20 in Fighting
 10345 | D        | Reached skill level 10 in Shields
 10346 | D        | Killed a sphinx
 10346 | D        | Reached XP level 16. HP: 162/162 MP: 24/29
 10346 | D        | Paralysed by a sphinx for 4 turns
 10349 | D        | Killed a sphinx
 11148 | D        | Noticed Azrael
 11152 | D        | Killed Azrael
 11188 | D        | Got a shimmering hat
 11259 | D        | Identified the +0 hat "Vyoki" {rPois Stlth+} (You acquired it in the Dungeon)
 11314 | D        | Noticed Boris
 11326 | D        | Killed Boris
 11326 | D        | Reached skill level 15 in Earth Magic
 11480 | D        | Found Riafapipp's Food Emporium.
 11480 | D        | Found Leaxtausoh's Gadget Shop.
 11480 | D        | Found Tyilum's Armour Shop.
 11480 | D        | Found Gaumiamm's Armour Shoppe.
 11499 | D        | Found Efuhur's Gadget Boutique.
 11747 | D        | Noticed Nikola
 11747 | D        | Noticed a storm dragon
 11756 | D        | Killed Nikola
 11757 | D        | Killed a storm dragon
 11757 | D        | Reached skill level 21 in Fighting
 11910 | D        | Noticed Roxanne
 11921 | D        | Killed Roxanne
 11923 | D        | Identified Roxanne's Grimoire of Transmutation (You took it off Roxanne in the Dungeon)
 12256 | D        | Noticed a greater mummy
 12257 | D        | Killed a greater mummy
 12257 | D        | Reached skill level 15 in Stealth
 12373 | D        | Noticed a greater mummy
 12383 | D        | Killed a greater mummy
 12387 | D        | Reached skill level 15 in Poison Magic
 12391 | D        | Reached skill level 15 in Ice Magic
 12391 | D        | Reached XP level 17. HP: 60/173 MP: 31/31
 12394 | D        | Got a vibrating lapis lazuli ring
 12407 | D        | Got a golden rune of Zot
 12422 | D        | Learned a level 5 spell: Lee's Rapid Deconstruction
 12478 | D        | Identified the ring of Kecica {rElec rF- rC+ Str+2 Stlth+} (You took it off a mummy priest in the Dungeon)
 12498 | D        | Got a slimy marble ring
 12500 | D        | Identified the ring of Jiyribb {rPois rN+ Stlth+} (You acquired it in the Dungeon)
 12502 | D        | Got a heavily runed hat
 12513 | D        | Identified the +0 hat of Huheof {MR- Str+5} (You acquired it in the Dungeon)
 12740 | D        | Bought a scroll of enchant armour for 97 gold pieces
 12740 | D        | Bought 3 scrolls of enchant armour for 292 gold pieces
 12778 | D        | Noticed Mara
 12787 | D        | Noticed Kidiri's illusion
 12787 | D        | Killed Mara
 12787 | D        | Paralysed by something for 6 turns
 12846 | D        | Reached skill level 22 in Fighting
 12893 | D        | Noticed Mennas
 12902 | D        | Killed Mennas
 12902 | D        | Reached skill level 15 in Shields
 13287 | D        | Noticed Geryon
 13300 | D        | Killed Geryon
 13467 | D        | Noticed an iron giant
 13471 | D        | Reached skill level 15 in Spellcasting
 13471 | D        | Killed an iron giant
 13471 | D        | Reached skill level 15 in Dodging
 13471 | D        | Reached skill level 15 in Evocations
 13602 | D        | Noticed a Hell Sentinel
 13603 | D        | Found the +2 pair of boots of the Assassin {Detection Stab+ Stlth++}
 13603 | D        | Reached skill level 23 in Fighting
 13604 | D        | Killed a Hell Sentinel
 13607 | D        | Got a steaming scarf
 13620 | D        | Identified the scarf of Makhleb's Esteem {+Fly rElec Regen+} (You found it in the Dungeon)
 13738 | D        | Bought a +3 amulet of reflection for 204 gold pieces
 13779 | D        | Learned a level 1 spell: Confusing Touch
 13858 | D        | Noticed a Hell Sentinel
 13858 | D        | Noticed a Hell Sentinel
 13858 | D        | Noticed Dispater
 13864 | D        | Killed a Hell Sentinel
 13865 | D        | Killed a Hell Sentinel
 13867 | D        | Killed Dispater
 13873 | D        | Got a smoking bone ring
 13876 | D        | Got an iron rune of Zot
 13878 | D        | Got a pair of transparent boots
 13912 | D        | Identified the ring of Wimom {MR+ Slay+3} (You found it in the Dungeon)
 13969 | D        | Identified the +0 pair of boots of Monotheism {rPois rN+ Int-4} (You found it in the Dungeon)
 14010 | D        | Noticed a greater mummy
 14014 | D        | Killed a greater mummy
 14014 | D        | Reached XP level 18. HP: 189/189 MP: 27/33
 14018 | D        | Noticed Gloorx Vloq
 14025 | D        | Killed Gloorx Vloq
 14031 | D        | Noticed a greater mummy
 14035 | D        | Killed a greater mummy
 14035 | D        | Reached skill level 24 in Fighting
 14048 | D        | Noticed a greater mummy
 14056 | D        | Killed a greater mummy
 14056 | D        | Reached skill level 15 in Conjurations
 14157 | D        | Noticed a greater mummy
 14157 | D        | Noticed a greater mummy
 14158 | D        | Noticed Khufu
 14162 | D        | Killed a greater mummy
 14162 | D        | Killed a greater mummy
 14164 | D        | Killed Khufu
 14176 | D        | Got a bone rune of Zot
 14425 | D        | Noticed Antaeus
 14429 | D        | Noticed an Ice Fiend
 14430 | D        | Killed an Ice Fiend
 14430 | D        | Reached skill level 25 in Fighting
 14441 | D        | Noticed an Ice Fiend
 14449 | D        | Killed an Ice Fiend
 14648 | D        | Noticed an Ice Fiend
 14649 | D        | Killed an Ice Fiend
 14664 | D        | Noticed an Ice Fiend
 14665 | D        | Killed an Ice Fiend
 14667 | D        | Found the macabre finger necklace {rN+}
 14676 | D        | Noticed an Ice Fiend
 14678 | D        | Killed an Ice Fiend
 14687 | D        | Got a jewelled triple crossbow
 14807 | D        | Killed Antaeus
 14807 | D        | Reached XP level 19. HP: 203/203 MP: 29/35
 14808 | D        | Got an icy rune of Zot
 15269 | D        | Noticed the Serpent of Hell
 15273 | D        | Noticed a Brimstone Fiend
 15275 | D        | Killed the Serpent of Hell
 15305 | D        | Killed a Brimstone Fiend
 15317 | D        | Got a crystal dire flail
 15325 | D        | Got an obsidian rune of Zot
 15454 | D        | Got a crude ruby amulet
 15455 | D        | Got a scorched scythe
 15520 | D        | Identified the amulet "Nekaor" {Inacc rElec} (You found it in the Dungeon)
 15552 | D        | Bought an uncursed ring of resist corrosion for 260 gold pieces
 15609 | D        | Reached skill level 26 in Fighting
 15626 | D        | Noticed Nessos
 15632 | D        | Killed Nessos
 15652 | D        | Paralysed by a floating eye for 3 turns
 15917 | D        | Noticed a Killer Klown
 15923 | D        | Killed a Killer Klown
 16011 | D        | Noticed an ancient lich
 16019 | D        | Killed an ancient lich
 16027 | D        | Noticed an electric golem
 16030 | D        | Killed an electric golem
 16391 | D        | Found a viscous altar of Jiyva.
 16391 | D        | Noticed the Royal Jelly
 16396 | D        | Gained mutation: Your body sometimes deteriorates upon taking damage. [a shining eye]
 16401 | D        | Paralysed by a floating eye for 3 turns
 16415 | D        | HP: 12/267 [acid blob/splash of acid[the Royal Jelly] (5)]
 16415 | D        | HP: 5/267 [acid[the Royal Jelly] (7)]
 16418 | D        | Killed from afar by an acid blob

Vault maps used:
D:        dungeon_sprint_mu

Skill      XL: |  1  2  3  4  5  6  7  8  9 10 11 12 13 14 15 16 17 18 19 |
---------------+----------------------------------------------------------+-----
Fighting       | 2 3 4 5 6 8 9 11 12 13 15 16 18 20 21 23 25 26 | 26.9
Dodging        | 2 3 5 6 7 8 9 10 11 13 14 15 16 17 | 17.8
Stealth        | 1 2 3 5 6 7 8 9 10 11 12 13 15 16 18 19 | 19.0
Unarmed Combat | 4 5 6 8 9 10 11 13 14 16 17 18 20 22 24 25 | 25.3
Transmutations | 3 4 5 7 9 10 11 13 14 15 17 18 20 22 23 25 | 25.1
Spellcasting   | 3 4 5 6 7 9 10 11 12 13 14 15 16 17 | 17.8
Poison Magic   | 1 2 3 4 5 6 7 9 10 11 12 13 15 16 17 18 | 18.9
Ice Magic      | 1 3 4 5 6 7 8 10 11 12 13 15 16 17 18 | 18.8
Earth Magic    | 2 5 7 9 11 12 14 16 17 19 20 | 20.9
Conjurations   | 4 7 9 11 12 14 16 17 | 17.3
Evocations     | 5 9 12 14 15 17 18 | 18.2
Shields        | 4 10 13 17 18 19 | 19.8

Action                   |  1- 3 |  4- 6 |  7- 9 | 10-12 | 13-15 | 16-18 | 19-21 || total
-------------------------+-------+-------+-------+-------+-------+-------+-------++-------
Melee: Unarmed           |    32 |    34 |    73 |   366 |   501 |   460 |   130 ||  1596
       Headbutt          |     4 |       |       |       |       |       |       ||     4
       Tailslap          |       |       |     8 |    30 |    70 |    68 |    15 ||   191
       Punch             |       |       |     1 |    14 |    32 |     5 |       ||    52
Throw: Javelin           |       |       |       |     3 |     1 |     1 |       ||     5
 Cast: Beastly Appendage |     3 |       |       |     1 |       |       |       ||     4
       Spider Form       |     2 |     4 |       |       |       |       |       ||     6
       Sticks to Snakes  |       |     2 |       |       |       |       |       ||     2
       Blade Hands       |       |       |     8 |    20 |     3 |     4 |       ||    35
       Ice Form          |       |       |     1 |     4 |     1 |     2 |     2 ||    10
       Statue Form       |       |       |       |     4 |    20 |    21 |     7 ||    52
       Alistair's Intoxi |       |       |       |       |     1 |       |       ||     1
       Passwall          |       |       |       |       |     1 |       |       ||     1
       Iron Shot         |       |       |       |       |       |     4 |       ||     4
       Lee's Rapid Decon |       |       |       |       |       |     1 |     4 ||     5
       Confusing Touch   |       |       |       |       |       |     1 |       ||     1
Invok: Heavenly Storm    |       |       |       |     8 |     7 |    13 |     1 ||    29
       Serpent's Lash    |       |       |       |     7 |     7 |    11 |     2 ||    27
 Abil: Evoke Flight      |       |       |       |       |       |     4 |     3 ||     7
Evoke: Wand              |       |       |       |       |       |       |     1 ||     1
  Use: Potion            |       |     1 |     1 |     2 |     3 |     6 |     6 ||    19
       Scroll            |       |       |     2 |       |    11 |    18 |     1 ||    32
 Stab: Sleeping          |       |     2 |     1 |    11 |    21 |    26 |     5 ||    66
       Distracted        |       |     1 |       |     1 |     1 |       |     1 ||     4
       Confused          |       |       |       |       |       |     5 |       ||     5
  Eat: Chunk             |       |     1 |     3 |     7 |     8 |     5 |     2 ||    26
       Bread ration      |       |       |     1 |     1 |       |       |     1 ||     3
       Meat ration       |       |       |       |     1 |       |       |       ||     1
       Fruit             |       |       |       |     5 |     5 |     1 |       ||    11
       Royal jelly       |       |       |       |       |     5 |     9 |     1 ||    15
Armor: Skin              |     3 |     3 |    21 |    89 |   162 |    94 |    43 ||   415
Dodge: Dodged            |    10 |    22 |    33 |   191 |   199 |   135 |    43 ||   633
Block: Large shield      |       |       |       |       |    48 |   211 |    97 ||   356
       Reflection        |       |       |       |       |       |    46 |     7 ||    53

Table legend:
 A = Spawn XP
 B = Non-spawn XP
 C = Spawn XP percentage of total XP
 D = Spawn monster count
 E = Non-spawn monster count
 F = Spawn count percentage of total count
 G = Total turns spent on level
                    A         B        C        D         E        F      G
               +---------+---------+-------+---------+---------+-------+---------
         Total |       0 |  447759 |   0.0 |       0 |     424 |   0.0 | 16418
               +---------+---------+-------+---------+---------+-------+---------
             D |       0 |  447759 |   0.0 |       0 |     424 |   0.0 | 16418
               +---------+---------+-------+---------+---------+-------+---------
